 Dungeon Crawl Stone Soup version 0.25-a0-528-g6b7c99946c (webtiles) character file.

Game seed: 12756208871696524638, levelgen mode: deterministic

4248 kae the Cleaver (level 10, -7/93 HPs)
             Began as a Hill Orc Fighter on Feb 19, 2020.
             Was a Believer of Makhleb.
             Mangled by a seven-headed hydra (10 damage)
             ... on level 8 of the Dungeon.
             The game lasted 00:06:05 (8352 turns).

kae the Cleaver (Hill Orc Fighter)                  Turns: 8352, Time: 00:06:06

Health: -7/93      AC:  9    Str: 23    XL:     10   Next: 31%
Magic:  15/15      EV:  7    Int:  8    God:    Makhleb [**....]
Gold:   574        SH:  9    Dex: 10    Spells: 9/9 levels left

rFire    . . .     SeeInvis .   a - +1 war axe (elec)
rCold    . . .     Gourm    .   c - +0 kite shield
rNeg     . . .     Faith    .   b - +0 scale mail
rPois    .         Spirit   .   i - +1 helmet
rElec    .         Reflect  .   (no cloak)
rCorr    .         Harm     .   (no gloves)
MR       .....                  (no boots)
Stlth    ..........             (no amulet)
HPRegen  0.25/turn              k - ring of flight
MPRegen  0.14/turn              (no ring)

@: about to teleport
A: no striking features
a: Minor Destruction, Renounce Religion, Evoke Flight


You were on level 8 of the Dungeon.
You worshipped Makhleb.
Makhleb was pleased with you.
You were not hungry.

You visited 1 branch of the dungeon, and saw 8 of its levels.

You collected 574 gold pieces.

Inventory:

Hand Weapons
 a - a +1 war axe of electrocution (weapon)
Armour
 b - a +0 scale mail (worn)
 c - a +0 kite shield (worn)
 i - a +1 helmet (worn)
Jewellery
 k - a ring of flight (left hand)
 o - an uncursed amulet of the acrobat
Wands
 g - a wand of random effects (13)
 l - a wand of acid (23)
 t - a wand of digging (6)
 w - a wand of flame (17)
 y - a wand of polymorph (12)
 B - a wand of scattershot (7)
 E - a wand of paralysis (8)
Scrolls
 n - 3 scrolls of identify
 q - a scroll of remove curse
 r - a scroll of fear
 s - 3 scrolls of teleportation
 u - a scroll of magic mapping
 z - a scroll of random uselessness {unknown}
 D - 2 scrolls of fog
Potions
 d - 4 potions of might
 e - 2 potions of degeneration
 h - a potion of heal wounds
 j - 4 potions of mutation
 m - 2 potions of brilliance
 p - 2 potions of curing
 v - 2 potions of lignification
 x - a potion of haste
 A - a potion of cancellation
Comestibles
 f - 11 rations


   Skills:
 + Level 10.0 Fighting
 * Level 14.0 Axes
 - Level 3.2 Armour
 - Level 3.2 Shields
 + Level 7.0 Invocations


You had 9 spell levels left.
You didn't know any spells.
Your spell library was empty.

Dungeon Overview and Level Annotations

Branches:
Dungeon (8/15)             Temple (0/1) D:6
   Lair: D:8-11

Altars:
Cheibriados
Hepliaklqana
Kikubaaqudgha
Makhleb
Nemelex Xobeh
Ru
Trog
Vehumet
Wu Jian
Yredelemnul

Shops:
D:8 [


Message History

The seven-headed hydra is lightly wounded.
The seven-headed hydra bites you! x3
You block the seven-headed hydra's attack. x2
The seven-headed hydra bites you but does no damage. x2
You are too injured to fight recklessly!
You are too injured to fight recklessly!
Unknown command.
Unknown command.
You see here a book of Frost.
As you read the scroll of teleportation, it crumbles to dust.
You feel strangely unstable. The seven-headed hydra bites you! x2
* * * LOW HITPOINT WARNING * * *
You block the seven-headed hydra's attack.
The seven-headed hydra bites you!
* * * LOW HITPOINT WARNING * * *
The seven-headed hydra barely misses you.
The seven-headed hydra bites you.
* * * LOW HITPOINT WARNING * * *
The seven-headed hydra bites you!
You die...

.# #.#
#.#.#.#.#.#.#.#. ##
#.# #.#
#.###.###.#.#.# #$#
#.#
#.#.#.#.#.#.#.#.#.
#.# #.#
#.###.###.###.#.#
#.# #.#
#.#.#.#.#.#.#.#. #.#
#.###.###.###.###.#
#l#
#.#.#.#.#.#.#.#.#.
#S###.###.#
#.###.###
#)#@#.#.#.#.#.#.#.#.
##D###?# #.###.###.#
### ## ### ### ###


You could see a seven-headed hydra.

Vanquished Creatures
  2 two-headed ogres (D:8)
  A hippogriff (D:8)
  Sigmund (D:3)
  An orc warrior (D:8)
  2 sky beasts
  An ice beast (D:8)
  6 ogres
  A phantom (D:8)
  2 bullfrogs
  2 scorpions
  A bullfrog zombie (D:4)
  4 crimson imps
  2 centaur zombies
  6 hounds
  A jelly (D:6)
  2 orc priests (D:3)
  10 orc wizards
  A bullfrog skeleton (D:4)
  2 centaur skeletons
  Terence (D:3)
  4 iguanas
  6 worker ants
  2 killer bee zombies (D:7)
  Robin (D:3)
  A howler monkey zombie (D:6)
  7 adders
  8 gnolls
  A shadow imp (D:5)
  2 oozes
  2 adder zombies
  3 adder skeletons
  2 worms (D:2)
  A dart slug (D:3)
  3 leopard geckos
  29 orcs
  3 bats (D:1)
  2 giant cockroaches
  15 goblins
  15 hobgoblins
  3 jackals (D:6)
  3 kobolds
  4 quokkas
  2 ball pythons
  6 frilled lizards
  A leopard gecko zombie (D:4)
  4 quokka zombies
  3 rats
182 creatures vanquished.

Notes
Turn   | Place    | Note
-------+----------+-------------------------------------------
     0 | D:1      | kae the Hill Orc Fighter began the quest for the Orb.
     0 | D:1      | Reached XP level 1. HP: 19/19 MP: 1/1
    67 | D:1      | Reached skill level 3 in Axes
    90 | D:1      | Reached XP level 2. HP: 27/27 MP: 2/2
   433 | D:1      | Reached skill level 4 in Axes
   577 | D:2      | Reached XP level 3. HP: 33/33 MP: 3/3
  1009 | D:2      | Reached XP level 4. HP: 41/41 MP: 4/4
  1055 | D:2      | Reached skill level 5 in Axes
  1298 | D:3      | Found a basalt altar of Yredelemnul.
  1335 | D:3      | Reached XP level 5. HP: 8/47 MP: 5/5
  1623 | D:3      | Found a bloodstained altar of Trog.
  1642 | D:3      | Reached skill level 5 in Fighting
  1642 | D:3      | Reached skill level 6 in Axes
  1658 | D:3      | Reached XP level 6. HP: 24/56 MP: 6/6
  1664 | D:3      | Reached skill level 7 in Axes
  1870 | D:3      | Found a sparkling altar of Nemelex Xobeh.
  1873 | D:3      | Found an ornate altar of the Wu Jian Council.
  2057 | D:3      | Noticed Terence
  2066 | D:3      | Killed Terence
  2210 | D:3      | Noticed Robin
  2239 | D:3      | Killed Robin
  2961 | D:3      | Noticed Sigmund
  2966 | D:3      | Killed Sigmund
  2966 | D:3      | Reached skill level 8 in Axes
  2966 | D:3      | Reached XP level 7. HP: 55/63 MP: 7/7
  3148 | D:4      | HP: 3/64 [poisoned by a worker ant]
  3584 | D:4      | Reached skill level 9 in Axes
  3616 | D:4      | Found a sacrificial altar of Ru.
  4021 | D:4      | Found a burning altar of Makhleb.
  4215 | D:4      | Became a worshipper of Makhleb the Destroyer
  4271 | D:5      | Entered Level 5 of the Dungeon
  4707 | D:5      | Reached XP level 8. HP: 73/73 MP: 8/8
  4733 | D:5      | Found a hazy altar of Hepliaklqana.
  4974 | D:6      | Found an ancient bone altar of Kikubaaqudgha.
  5043 | D:6      | Reached skill level 10 in Axes
  5429 | D:6      | Reached * piety under Makhleb
  5671 | D:6      | Found a staircase to the Ecumenical Temple.
  5696 | D:6      | Reached skill level 1 in Invocations
  5777 | D:6      | Reached skill level 11 in Axes
  5813 | D:6      | Found a snail-covered altar of Cheibriados.
  6645 | D:7      | Reached XP level 9. HP: 82/82 MP: 11/11
  7236 | D:8      | Reached skill level 12 in Axes
  7437 | D:8      | Noticed a purple ugly thing
  7626 | D:8      | Noticed a two-headed ogre
  7637 | D:8      | Killed a two-headed ogre
  7637 | D:8      | Reached skill level 13 in Axes
  7637 | D:8      | Reached skill level 5 in Invocations
  7899 | D:8      | Found Zikur's Antique Armour Boutique.
  7955 | D:8      | Found a radiant altar of Vehumet.
  7955 | D:8      | Noticed a two-headed ogre
  8029 | D:8      | Killed a two-headed ogre
  8029 | D:8      | Reached XP level 10. HP: 91/93 MP: 14/14
  8086 | D:8      | Reached ** piety under Makhleb
  8092 | D:8      | Reached skill level 10 in Fighting
  8194 | D:8      | Reached skill level 14 in Axes
  8347 | D:8      | Noticed a seven-headed hydra
  8352 | D:8      | HP: 3/93 [seven-headed hydra (6)]
  8352 | D:8      | Mangled by a seven-headed hydra

Levels and vault maps discovered:
D:1:      lightli_iron_boxes, layout_basic, chequers_avenue
D:2:      layout_basic
D:3:      layout_loops_corners, nicolae_overflow_crystal_walls,
          gammafunk_temple_overflow_forgotten, uniq_terence, uniq_sigmund,
          uniq_robin
D:4:      layout_loops_ring, nicolae_ru_great_annihilating_truth,
          kennysheep_mini, serial_undead, serial_undead_f, serial_undead_c,
          serial_undead_e, serial_undead_a
D:5:      layout_basic, kennysheep_little_box, first_ration
D:6:      layout_layer_cave, minmay_temple_entry_waves, basic_altar,
          cheibriados_altar_1
D:7:      layout_basic
D:8:      minmay_imperfect_grid, layout_basic, lemuel_crystal_altar,
          serial_shops, nicolae_shop_behind_doors

Skill      XL: |  1  2  3  4  5  6  7  8  9 10 |
---------------+-------------------------------+-----
Axes           | 3 4 5 6 8 9 11 13 14 | 14.0
Fighting       | 4 5 6 7 8 9 10 | 10.0
Invocations    | 3 6 7 |  7.0
Armour         | |  3.2
Shields        | |  3.2

Action                   |  1- 3 |  4- 6 |  7- 9 | 10-12 || total
-------------------------+-------+-------+-------+-------++-------
Melee: War axe           |   101 |   126 |   322 |    50 ||   599
Evoke: Wand              |       |       |     5 |       ||     5
  Use: Scroll            |     1 |       |    20 |     1 ||    22
       Potion            |       |       |     1 |       ||     1
 Stab: Paralysed         |       |       |     3 |       ||     3
  Eat: Chunk             |       |     7 |     9 |     1 ||    17
       Ration            |       |       |     2 |       ||     2
Armor: Scale mail        |    44 |    45 |   106 |    20 ||   215
Dodge: Dodged            |    17 |    45 |    62 |     9 ||   133
Block: Kite shield       |    41 |    70 |   130 |    27 ||   268

Table legend:
 A = Non-vault XP
 B = Vault XP
 C = Vault XP percentage of total XP
 D = Non-vault monster count
 E = Vault monster count
 F = Vault count percentage of total count
                 A         B        C        D         E       F
            +---------+---------+-------+---------+---------+-------
      Total |    4431 |    1638 |  27.0 |     138 |      44 |  24.2
            +---------+---------+-------+---------+---------+-------
        D:1 |      31 |       0 |   0.0 |      17 |       0 |   0.0
        D:2 |      62 |       0 |   0.0 |      17 |       0 |   0.0
        D:3 |     346 |     292 |  45.8 |      30 |      13 |  30.2
        D:4 |     137 |     203 |  59.7 |       7 |      12 |  63.2
        D:5 |     194 |       0 |   0.0 |       8 |       0 |   0.0
        D:6 |     881 |       0 |   0.0 |      34 |       0 |   0.0
        D:7 |     546 |      36 |   6.2 |      10 |       1 |   9.1
        D:8 |    2234 |    1107 |  33.1 |      15 |      18 |  54.5
            +---------+---------+-------+---------+---------+-------
